 Dungeon Crawl Stone Soup version 0.31-a0-246-g8cbcc1cb85 (webtiles) character file.

Game seed: 5360627393802101075

791 qw the Skirmisher (level 7, -3/59 HPs)
             Began as a Minotaur Hexslinger on July 12, 2023.
             Was an Initiate of Okawaru.
             Slain by a gargoyle
             ... wielding a +0 flail
              (11 damage)
             ... on level 6 of the Dungeon.
             The game lasted 00:01:45 (3359 turns).

qw the Skirmisher (Minotaur Hexslinger)             Turns: 3359, Time: 00:01:45

Health: -3/59      AC:  9    Str: 25    XL:     7   Next: 57%
Magic:  7/7        EV: 13    Int: 10    God:    Okawaru [......]
Gold:   183        SH:  5    Dex: 24    Spells: 7/8 levels left

rFire   . . .        Y - +1 sling
rCold   . . .        (no shield)
rNeg    . . .        b - +3 ring mail of the Serpent {Rampage Dex+2}
rPois   +            (helmet restricted)
rElec   .            (no cloak)
rCorr   .            e - +0 pair of gloves of Iwudia {Drain Str+6 Dex+8}
SInv    .            (no boots)
Will    .....        l - amulet of reflection
Stlth   +            f - +6 ring of strength
HPRegen 0.29/turn    h - ring of poison resistance
MPRegen 0.10/turn

%: reflection, rampage
@: about to teleport
A: horns 2, retaliatory headbutt
a: Renounce Religion


You were on level 6 of the Dungeon.
You worshipped Okawaru.
Okawaru was noncommittal.
You visited 2 branches of the dungeon, and saw 7 of its levels.

You collected 183 gold pieces.


Innate Abilities, Weirdness & Mutations

You have a pair of horns on your head.
You reflexively headbutt those who attack you in melee.


   Skills:
 + Level 4.0 Fighting
 - Level 8.3 Ranged Weapons
 - Level 1.9 Armour
 - Level 3.0 Dodging
 - Level 1.0 Spellcasting
 - Level 2.0 Hexes


You had 7 spell levels left.
You knew the following spells:

 Your Spells              Type           Power      Damage    Failure   Level
a - Slow                  Hex            16%        N/A       22%         1

Your spell library contained the following spells:

 Spells                   Type           Power      Damage    Failure   Level
 Inner Flame              Hex/Fire       2%         N/A       71%         3
 Portal Projectile        Hex/Tloc       4%         N/A       71%         3
 Cause Fear               Hex            2%         N/A       92%         4

Inventory:

Hand Weapons
 Y - a +1 sling (weapon)
Armour
 b - the +3 ring mail of the Serpent (worn) {Rampage Dex+2}
   (You found it on level 2 of the Dungeon)

   Dex:       It affects your dexterity (+2).
   Rampage:   It bestows one free step when moving towards enemies.
 e - the +0 pair of gloves of Iwudia (worn) {Drain Str+6 Dex+8}
   (You found it on level 3 of the Dungeon)

   Str:       It affects your strength (+6).
   Dex:       It affects your dexterity (+8).
   Drain:     It drains your maximum health when unequipped.
Jewellery
 f - a +6 ring of strength (left hand)
 h - a ring of poison resistance (right hand)
 l - an amulet of reflection (around neck)
Scrolls
 c - a scroll of enchant armour
 k - a scroll of identify
Potions
 d - a potion of curing
 g - a potion of mutation
 i - a potion of attraction {unknown}
 j - a potion of degeneration {unknown}

Dungeon Overview and Level Annotations

Branches:
Dungeon (5/15)             Temple (1/1) D:4

Altars:
Ashenzari
Cheibriados
Elyvilon
Gozag
Hepliaklqana
Kikubaaqudgha
Makhleb
Nemelex Xobeh
Okawaru
Qazlal
Ru
Sif Muna
Trog
Uskayaw
Wu Jian
Yredelemnul
The Shining One

Annotations:
D:3 1 runed translucent door, Crazy Yiuf


Message History

The sling bullet closely misses the sky beast.
The sky beast barely misses you.
You shoot a sling bullet.
The sling bullet hits the sky beast but does no damage.
The sky beast is severely wounded.
The sky beast hits you. The sky beast shocks you.
You shoot a sling bullet. The sling bullet hits the sky beast.
The sky beast is severely wounded.
The sky beast hits you but does no damage.
You shoot a sling bullet. The sling bullet hits the sky beast.
The sky beast is severely wounded.
The sky beast completely misses you. You furiously retaliate!
You headbutt the sky beast!
You kill the sky beast!
Okawaru accepts your kill.
Your Ranged Weapons skill increases to level 8!
You start resting.
HP restored.
Found a club.
c - a scroll of enchant armour A gargoyle comes into view.
It is wielding a +0 flail.
You shoot a sling bullet.
The sling bullet hits the gargoyle but does no damage.
The gargoyle hurls a stone arrow at you.
The stone arrow hits you!
You shoot a sling bullet.
The sling bullet hits the gargoyle but does no damage.
The gargoyle misses you.
You shoot a sling bullet.
The sling bullet barely misses the gargoyle.
The gargoyle hurls a stone arrow at you.
The stone arrow hits you!!
You shoot a sling bullet.
The sling bullet hits the gargoyle but does no damage.
The gargoyle hits you with a +0 flail!
3359 ||| READING scroll of teleportation.
As you read the scroll of teleportation, it crumbles to dust.
You feel strangely unstable. The gargoyle hits you with a +0 flail!
You die...

#### ## #. ..# #..
#. ##.## #.# #.
##...###.##### #.
##.....##...... #.
#......#...#.## #.
#..........#.#
#9###.#........%.##
#!@......##........
#####.######.#.####
#.# #.#.#### #.#
#)#..... #.#
#+###### #.# .#. #
#


You could see a gargoyle.

Vanquished Creatures
  Menkaure (D:4)
  A sky beast (D:6)
  3 orc priests
  2 jellies
  Jessica (D:3)
  A sleepcap (D:4)
  Terence (D:2)
  Natasha (twice) (D:2)
  3 orc wizards
  7 adders
  2 ufetubi
  6 worms
  6 dart slugs
  25 orcs
  4 ball pythons
  8 endoplasms
  4 giant cockroaches
  2 goblins
  10 hobgoblins
  6 quokkas
  11 bats
  5 frilled lizards
  7 kobolds
  4 rats
122 creatures vanquished.

Notes
Turn   | Place    | Note
-------+----------+-------------------------------------------
     0 | D:1      | qw the Minotaur Hexslinger began the quest for the Orb.
     0 | D:1      | Reached XP level 1. HP: 16/16 MP: 1/1
     0 | D:1      | 0 ||| qw: Version: 0.3-a-52-g30416fa
     0 | D:1      | 0 ||| qw: Game counter: 6507
     0 | D:1      | 0 ||| qw: Melee chars always use a shield: true
     0 | D:1      | 0 ||| qw: God list: Okawaru
     0 | D:1      | 0 ||| qw: Allow faded altars: false
     0 | D:1      | 0 ||| qw: Do Orc after clearing Dungeon:15 true
     0 | D:1      | 0 ||| qw: Do second Lair branch before Depths: true
     0 | D:1      | 0 ||| qw: Lair rune preference: random
     0 | D:1      | 0 ||| qw: Goals: Normal
     0 | D:1      | 0 ||| PLANNING D:1-11
    74 | D:1      | 74 ||| Stepping ~*~*~tactically~*~*~ (outnumbered).
    76 | D:1      | Reached skill level 3 in Ranged Weapons
    76 | D:1      | Reached XP level 2. HP: 23/23 MP: 2/2
   225 | D:1      | Reached XP level 3. HP: 29/29 MP: 3/3
   605 | D:1      | 605 ||| UPGRADING to +0 leather armour.
   615 | D:1      | 615 ||| DROPPING +0 robe.
   616 | D:1      | 616 ||| UPGRADING to +6 ring of strength.
   617 | D:1      | 617 ||| DROPPING scroll of poison.
   652 | D:2      | 652 ||| STAIRDANCE
   684 | D:2      | Identified the +3 ring mail of the Serpent {Rampage Dex+2}
   702 | D:2      | Reached skill level 4 in Ranged Weapons
   860 | D:2      | Reached XP level 4. HP: 36/36 MP: 4/4
   937 | D:2      | Reached skill level 5 in Ranged Weapons
   982 | D:2      | Noticed Natasha
   989 | D:2      | Killed Natasha
   990 | D:2      | Reached skill level 3 in Fighting
  1197 | D:2      | Noticed Terence
  1209 | D:2      | Reached XP level 5. HP: 17/45 MP: 5/5
  1213 | D:2      | Killed Terence
  1368 | D:2      | Noticed Natasha
  1372 | D:2      | Killed Natasha
  1412 | D:2      | 1412 ||| UPGRADING to +3 ring mail of the Serpent {Rampage
                  | Dex+2}.
  1422 | D:2      | 1422 ||| DROPPING +0 leather armour.
  1423 | D:2      | 1423 ||| UPGRADING to amulet of reflection.
  1428 | D:2      | 1428 ||| DROPPING ring of magical power.
  1429 | D:2      | 1429 ||| READING 3 scrolls labelled OSOFUUDUCVY.
  1434 | D:2      | 1434 ||| READING scroll labelled BYKAIS MIC WIZA.
  1435 | D:2      | 1435 ||| READING scroll labelled YVVIXEN VEOQ.
  1436 | D:2      | 1436 ||| READING scroll labelled JIRIEN HERI.
  1437 | D:2      | 1437 ||| DRINKING 3 sedimented blue potions.
  1467 | D:2      | 1467 ||| DROPPING 2 potions of lignification.
  1488 | D:3      | 1488 ||| STAIRDANCE
  1536 | D:3      | Noticed Jessica
  1539 | D:3      | Reached skill level 1 in Armour
  1540 | D:3      | 1540 ||| STAIRDANCE
  1593 | D:3      | Killed Jessica
  1594 | D:3      | Reached skill level 6 in Ranged Weapons
  1641 | D:3      | Reached XP level 6. HP: 45/51 MP: 6/6
  1690 | D:3      | Identified the +0 pair of gloves of Iwudia {Drain Str+6
                  | Dex+8}
  1707 | D:3      | Found a runed translucent door.
  1708 | D:3      | Noticed Crazy Yiuf
  1754 | D:3      | Found an opulent altar of Gozag.
  1754 | D:3      | Found a sacrificial altar of Ru.
  1779 | D:3      | Found an ancient bone altar of Kikubaaqudgha.
  1859 | D:3      | Found a snail-covered altar of Cheibriados.
  2253 | D:3      | 2253 ||| UPGRADING to +0 pair of gloves of Iwudia {Drain
                  | Str+6 Dex+8}.
  2258 | D:3      | 2258 ||| UPGRADING to ring of poison resistance.
  2259 | D:3      | 2259 ||| READING scroll labelled YLUOR IKLAICRU.
  2314 | D:4      | Reached skill level 3 in Dodging
  2425 | D:4      | Noticed Menkaure
  2440 | D:4      | HP: 7/52 [Menkaure (18)]
  2441 | D:4      | 2441 ||| READING 2 scrolls of teleportation.
  2442 | D:4      | Killed Menkaure
  2443 | D:4      | Reached skill level 7 in Ranged Weapons
  2443 | D:4      | Reached XP level 7. HP: 8/59 MP: 7/7
  2904 | D:4      | Found a staircase to the Ecumenical Temple.
  2905 | D:4      | 2905 ||| PLANNING TEMPLE
  2906 | D:4      | 2906 ||| FLEEEEING.
  2907 | D:4      | 2907 ||| FLEEEEING.
  2908 | D:4      | 2908 ||| FLEEEEING.
  2909 | D:4      | 2909 ||| FLEEEEING.
  2910 | D:4      | 2910 ||| FLEEEEING.
  2916 | D:4      | 2916 ||| FLEEEEING.
  2917 | D:4      | 2917 ||| FLEEEEING.
  2918 | D:4      | 2918 ||| FLEEEEING.
  2919 | D:4      | 2919 ||| FLEEEEING.
  2920 | D:4      | 2920 ||| FLEEEEING.
  2922 | D:4      | 2922 ||| FLEEEEING.
  2923 | D:4      | 2923 ||| FLEEEEING.
  2924 | D:4      | 2924 ||| FLEEEEING.
  2925 | D:4      | 2925 ||| FLEEEEING.
  2926 | D:4      | 2926 ||| FLEEEEING.
  2945 | D:4      | 2945 ||| READING scroll labelled RIKEESHREZU.
  2946 | D:4      | 2946 ||| DRINKING 2 fizzy green potions.
  2947 | D:4      | 2947 ||| READING 3 scrolls of identify.
  2947 | D:4      | 2947 ||| IDENTIFYING metallic orange potion
  2948 | D:4      | 2948 ||| READING 2 scrolls of identify.
  2948 | D:4      | 2948 ||| IDENTIFYING fizzy dark potion
  2949 | D:4      | 2949 ||| DROPPING potion of magic.
  2982 | Temple   | Entered the Ecumenical Temple
  3044 | Temple   | 3044 ||| PLANNING OKAWARU WORSHIP
  3185 | Temple   | Became a worshipper of Warmaster Okawaru
  3186 | Temple   | 3186 ||| PLANNING D:1-11
  3269 | D:5      | Entered Level 5 of the Dungeon
  3296 | D:5      | You fall into a shaft and drop 1 floor!
  3311 | D:6      | Reached skill level 8 in Ranged Weapons
  3354 | D:6      | Noticed a gargoyle
  3358 | D:6      | HP: 8/59 [gargoyle/+0 flail (11)]
  3359 | D:6      | 3359 ||| READING scroll of teleportation.
  3359 | D:6      | Slain by a gargoyle

Levels and vault maps discovered:
D:1:      dpeg_arrival_round_a, layout_loops_ring, nicolae_titane
D:2:      layout_rooms, uniq_terence, uniq_natasha
D:3:      layout_basic, kennysheep_slug_shrine, gammafunk_temple_overflow_claw,
          minmay_checkerbox, uniq_jessica, uniq_crazy_yiuf_cottage
D:4:      layout_rooms, minmay_temple_entry_proselytizer,
          nicolae_underground_beach, uniq_menkaure
D:5:      layout_cave_pools, st_stairs_14, nicolae_nh_oracle_at_delphi
D:6:      layout_loops_corners, fedhas_altar_2
Temple:   nicolae_temple_figure_eight

Skill      XL: |  1  2  3  4  5  6  7 |
---------------+----------------------+-----
Ranged Weapons | 3 4 5 6 7 8 |  8.3
Fighting       | 2 3 4 |  4.0
Armour         | 1 |  1.9
Dodging        | 3 |  3.0
Spellcasting   | |  1.0
Hexes          | |  2.0

Action                     |  1- 3 |  4- 6 |  7- 9 || total
---------------------------+-------+-------+-------++-------
   Fire: Sling             |   117 |   222 |    54 ||   393
    Use: Scroll            |       |     6 |     4 ||    10
         Potion            |       |     1 |     1 ||     2
 Armour: Robe              |     3 |       |       ||     3
         Leather armour    |    12 |     7 |       ||    19
         Ring mail         |       |    55 |     3 ||    58
  Dodge: Dodged            |    33 |    93 |    10 ||   136
  Block: Other             |       |    23 |     4 ||    27
         Reflection        |       |     3 |       ||     3

Table legend:
 A = Non-vault XP
 B = Vault XP
 C = Vault XP percentage of total XP
 D = Non-vault monster count
 E = Vault monster count
 F = Vault count percentage of total count
                 A         B        C        D         E       F
            +---------+---------+-------+---------+---------+-------
      Total |     785 |     346 |  30.6 |     112 |      10 |   8.2
            +---------+---------+-------+---------+---------+-------
        D:1 |      60 |       0 |   0.0 |      30 |       0 |   0.0
        D:2 |     144 |      71 |  33.0 |      32 |       2 |   5.9
        D:3 |     107 |      62 |  36.7 |      23 |       6 |  20.7
        D:4 |     290 |     213 |  42.3 |      24 |       2 |   7.7
        D:5 |      55 |       0 |   0.0 |       2 |       0 |   0.0
        D:6 |     129 |       0 |   0.0 |       1 |       0 |   0.0
            +---------+---------+-------+---------+---------+-------
